Degolas, chaotic male elven Priest ----------------------------------------------------------------- ............................................................... .................. .................................... .............- -.......... ................. | -...........| |........--------...........--------- .| |...........| |........-.(((((|...........|.......| ..| |...........| |........| (((((|...........|....... ....| +.@.........-------........| (((|...........|..... .....| | ----------.................^........--------...........---|-----......| |......................{.....................................................| |......................................................@{....................| |........... ---------.......--------........-----|-.........................| |......... +.......-@%(%%%|........| .|........------|-.........| |....... |.......|.%%%%%|........| ==|.......>|......| ........| |.... |.......|.%%%%%|........| "=|........-------- ........| |.. -.......--------........- ----.......... .......| | .......... .......... .............. ....#..| ............. ................................ ......| --------------- ---------------------------------- ------- Degolas the Priest Experience level: 11 Strength: 14 Dexterity: 15 Constitution: 16 Intelligence: 10 Wisdom: 18 Charisma: 5 Health: 77(77) Energy: 65(183) AC: -5 Gold: 0 Moves: 17732 Your Inventory: Weapons a - a blessed rustproof +7 mace (weapon in hand) q - 8 blessed +3 darts (in quiver) t - 9 uncursed [+0] throwing stars [shuriken] C - 11 blessed +1 darts Armor c - a blessed +4 leather armor (being worn) F - an uncursed greased +3 dwarvish iron helm (being worn) R - a blessed greased +1 pair of iron shoes (being worn) Scrolls p - 2 uncursed scrolls of identify r - an uncursed scroll of create monster y - an uncursed scroll of light A - an uncursed scroll labeled JUYED AWK YACC [of fire] E - an uncursed scroll of magic mapping K - an uncursed scroll of teleportation Potions L - a blessed potion of object detection Rings v - an uncursed ring of cold resistance G - a cursed ring of hunger J - a cursed jacinth ring [of see invisible] P - an uncursed ring of fire resistance Z - an uncursed ring of levitation Wands s - an uncursed wand of striking (0:3) O - an uncursed wand of create monster [0:11] U - an uncursed wand of digging (0:5) V - an uncursed wand of light (0:4) W - an uncursed wand of fire (0:5) Tools i - an uncursed tooled horn l - an uncursed oil lamp (0:1115) z - an uncursed +0 unicorn horn M - an uncursed magic whistle N - an uncursed pair of lenses T - an uncursed towel Spells known in the end: Name Level Category Fail Memory a - remove curse 3 clerical 0% [|.......] b - extra healing 3 healing 13% [|.......] c - magic missile 2 attack 37% [||......] d - knock 1 matter 22% [||......] e - sleep 1 enchantment 22% [|||.....] f - detect treasure 4 divination 82% [|||.....] g - identify 3 divination 30% [|||.....] h - detect food 2 divination 22% [||||||..] i - protection 1 clerical 22% [||||||..] Your skills at the end: Fighting Skills body armor [Skilled / Skilled] Weapon Skills mace [Expert / Expert] Spellcasting Skills healing spells [Basic / Expert] divination spells [Basic / Expert] clerical spells [Basic / Expert] Final Attributes: You were piously aligned. Hunger level was -523. Your alignment was 96 / 98. Monster difficulty range was 1 - 9. Level difficulty was 7. You were immune to sleep. You resisted poison. You saw invisible. You were telepathic. You had infravision. You were invisible to others. Your luck was zero. Loki was angry with you (1). You are dead. Vanquished creatures: Aphrodite 2 giant mimics a warg a small mimic a giant turtle a shocking sphere a large cat 5 tengu 2 leocrottas an energy vortex 3 elf mummies a red naga 2 ettin zombies a succubus 2 incubi a chameleon 2 crocodiles 4 giant beetles 3 cockatrices 8 wolves 2 lynxes a panther 2 spotted jellies 37 leprechauns 3 iron piercers a horse 2 ice vortices 2 black lights a vampire bat 2 gnome kings 2 orc mummies 2 ogres 4 brown puddings a rust monster an owlbear a gold golem 2 werewolves 8 lizards a dog 3 dingos 3 housecats 2 jaguars 2 dwarf lords 2 white unicorns 4 dust vortices 2 ravens a gnome mummy 2 snakes an ape 4 human zombies a rope golem 2 snow ants a bugbear an imp 7 wood nymphs 5 water nymphs 8 mountain nymphs 5 Mordor orcs 8 Uruk-hai an orc shaman 3 rock piercers 5 enormous rats 2 ponies a fog cloud 4 yellow lights a shrieker 13 gnome lords 6 gnomish wizards 2 kobold mummies 2 red naga hatchlings a golden naga hatchling 2 gray oozes a barrow wight 2 elf zombies a ghoul 2 straw golems 2 paper golems a baby crocodile 10 giant ants 3 little dogs 7 floating eyes a kitten 17 dwarves a homunculus 4 kobold shamans 2 hill orcs 8 rothes 2 rabid rats 2 giant bats a monkey 3 orc zombies 2 werejackals 2 muggers 6 iguanas 12 killer bees 2 acid blobs 2 coyotes a gas spore 3 hobbits 10 manes 2 large kobolds 2 hobgoblins 5 giant rats 3 cave spiders 3 brown molds 2 yellow molds 3 red molds 43 gnomes 16 garter snakes a gnome zombie 7 geckos 10 jackals 3 foxes 5 goblins 8 sewer rats 10 grid bugs 10 bats 2 lichens 4 newts 474 creatures vanquished. Voluntary challenges: You used a wielded weapon 826 times. You read items or engraved 44 times. You put on armor 43 times. You never genocided any monsters. You never polymorphed an object. You never changed form. You used no wishes. You wrote Elbereth's name 4 times. You never encountered a bones level. You used 13 Sokoban shortcuts. Dungeon overview: The Dungeons of Doom: levels 1 to 10 Level 1 some sinks a long staircase Level 2 a potion shop stairs to The Gnomish Mines Level 3 a scroll shop, some altars Level 4 a fountain, a sink Level 5 some fountains Level 6 a general store Level 7 a fountain Level 8 many fountains Level 9 stairs to Sokoban Level 10 a fountain stairs to Town The Gnomish Mines: levels 3 to 7 Level 3 stairs to The Dungeons of Doom Level 6 many shops, a temple to Loki, a magic chest, some fountains Sokoban: levels 6 to 8 Level 8 a magic chest stairs to The Dungeons of Doom Town: levels 7 to 9 Level 7 <- You were here some shops, some fountains, a sink Level 8 many fountains, many trees Level 9 stairs to The Dungeons of Doom History has recorded: On T:1 you entered the Dungeons of Doom to retrieve the Amulet of Yendor! On T:325 you reached level 2 of The Dungeons of Doom. On T:422 you advanced to experience level 2. On T:865 you advanced to experience level 3. On T:908 you reached level 1 of The Gnomish Mines. On T:985 you reached level 3 of The Dungeons of Doom. On T:1226 you advanced to experience level 4. On T:1761 you advanced to experience level 5. On T:1813 you advanced to experience level 6. On T:1825 you reached level 4 of The Dungeons of Doom. On T:2283 you reached level 5 of The Dungeons of Doom. On T:2730 you advanced to experience level 7. On T:2742 you reached level 6 of The Dungeons of Doom. On T:3264 you reached level 7 of The Dungeons of Doom. On T:3597 you advanced to experience level 8. On T:4149 you reached level 8 of The Dungeons of Doom. On T:4886 you reached level 9 of The Dungeons of Doom. On T:5190 you reached level 3 of Sokoban. On T:5382 you advanced to experience level 9. On T:5923 you reached level 2 of Sokoban. On T:7176 you reached level 1 of Sokoban. On T:8812 you advanced to experience level 10. On T:11835 you received Orcrist from Loki. On T:13152 you reached level 2 of The Gnomish Mines. On T:13331 you reached level 3 of The Gnomish Mines. On T:13456 you reached level 4 of The Gnomish Mines. On T:14210 you advanced to experience level 11. On T:14348 you reached level 5 of The Gnomish Mines. On T:15655 you reached level 10 of The Dungeons of Doom. On T:16025 you reached level 3 of Town. On T:16213 you reached level 2 of Town. On T:17159 you reached level 1 of Town. Latest messages: Never mind. You faint from lack of food. You regain consciousness. [31 turns] You faint from lack of food. You regain consciousness. [34 turns] You faint from lack of food. You regain consciousness. [37 turns] You faint from lack of food. You regain consciousness. [41 turns] You faint from lack of food. You regain consciousness. [45 turns] You faint from lack of food. You regain consciousness. [50 turns] You faint from lack of food. You regain consciousness. [55 turns] You faint from lack of food. You die from starvation. Nybro the invisible shopkeeper looks at your corpse, shakes his head, and sighs. Final status: Goodbye Degolas the Priest... You starved in Town on dungeon level 7 with 2522 points, and 0 pieces of gold, after 17732 moves. You were level 11 with a maximum of 77 hit points when you starved.